Map: Apothéose EC

Players

RainbowJeZ

  • Race: Protoss Protoss
  • League: Diamond

Worming - Winner!

  • Race: Zerg Zerg
  • League: Diamond

VOD

Have the link to the VOD?

Description

Time

  • Played on: Aug. 14, 2016, 2:21 p.m.
  • Length: 13:59
Show
View Real Time Build Order
Export as new Build Order

RainbowJeZ Protoss 

Build Orders:  

Get SALT Encoding   

  12  0:01  Probe (Chrono Boost)  
  13  0:11  Probe (Chrono Boost)  
  14  0:17  Pylon  
  14  0:22  Probe (Chrono Boost)  
  16  0:35  Probe (Chrono Boost)  
  16  0:37  Gateway  
  16  0:46  Probe (Chrono Boost)  
  16  0:48  Assimilator  
  17  0:56  Probe (Chrono Boost)  
  18  1:04  Pylon  
  18  1:07  Probe (Chrono Boost)  
  19  1:18  Probe (Chrono Boost)  
  20  1:24  Cybernetics Core  
  20  1:28  Probe (Chrono Boost)  
  21  1:42  Probe (Chrono Boost)  
  22  1:47  Warp Gate  
  22  1:54  Nexus  
  22  1:58  Probe (Chrono Boost)  
  22  2:00  Assimilator  
  23  2:10  Stalker  
  26  2:28  Mothership Core (Chrono Boost)  
  27  2:40  Stalker  
  29  2:48  Pylon x2  
  30  2:52  Probe (Chrono Boost)  
  30  3:04  Probe (Chrono Boost)  
  31  3:10  Robotics Facility  
  31  3:12  Probe (Chrono Boost)  
  32  3:16  Probe (Chrono Boost)  
  33  3:26  Probe (Chrono Boost)  
  35  3:27  Sentry  
  35  3:28  Probe (Chrono Boost)  
  37  3:36  Probe (Chrono Boost)  
  37  3:41  Probe (Chrono Boost)  
  39  3:47  Probe (Chrono Boost)  
  40  3:49  Gateway  
  40  3:52  Gateway  
  40  3:55  Pylon  
  40  3:58  Observer  
  39  4:21  Probe (Chrono Boost)  
  40  4:24  Probe (Chrono Boost)  
  40  4:29  Assimilator  
  40  4:31  Sentry, Immortal  
  43  4:33  Probe (Chrono Boost)  
  46  4:42  Gateway  
  46  4:43  Gateway  
  46  4:45  Gateway  
  46  4:48  Sentry x2  
  46  4:52  Probe (Chrono Boost), Pylon  
  52  4:54  Probe (Chrono Boost)  
  52  5:03  Probe (Chrono Boost)  
  52  5:05  Immortal  
  53  5:10  Probe (Chrono Boost)  
  53  5:13  Probe (Chrono Boost)  
  54  5:24  Probe (Chrono Boost)  
  54  5:26  Probe (Chrono Boost)  
  56  5:38  Stalker x3  
  56  5:39  Warp Prism  
  64  5:50  Probe (Chrono Boost)  
  64  5:51  Probe (Chrono Boost)  
  65  6:02  Stalker x3  
  71  6:11  Pylon  
  71  6:13  Pylon  
  71  6:21  Probe (Chrono Boost)  
  71  6:23  Probe (Chrono Boost)  
  73  6:28  Stalker x2  
  73  6:31  Stalker x2  
  81  6:38  Warp Prism  
  81  6:43  Probe (Chrono Boost)  
  81  6:44  Probe (Chrono Boost)  
  85  6:53  Assimilator  
  85  7:00  Nexus  
  85  7:15  Assimilator  
  85  7:17  Assimilator  
  81  7:26  Zealot x3  
  81  7:29  Zealot  
  77  7:30  Zealot  
  77  7:43  Stalker  
  79  7:46  Probe x2 (Chrono Boost)  
  81  7:52  Stalker x4  
  81  7:56  Probe (Chrono Boost)  
  91  7:58  Probe (Chrono Boost)  
  91  8:07  Probe (Chrono Boost)  
  91  8:10  Probe (Chrono Boost)  
  91  8:17  Probe (Chrono Boost)  
  93  8:20  Probe (Chrono Boost)  
  93  8:23  Probe (Chrono Boost)  
  93  8:24  Sentry x2  
  98  8:28  Probe (Chrono Boost)  
  98  8:30  Probe (Chrono Boost)  
  101  8:35  Probe (Chrono Boost)  
  101  8:38  Probe (Chrono Boost)  
  101  8:41  Zealot x3  
  108  8:44  Probe (Chrono Boost)  
  109  8:51  Pylon  
  109  8:52  Pylon  
  109  9:04  Immortal  
  109  9:08  Sentry  
  109  9:09  Sentry x2  
  117  9:11  Stalker x3  
  123  9:20  Probe (Chrono Boost)  
  123  9:21  Probe (Chrono Boost)  
  125  9:44  Probe (Chrono Boost), Immortal  
  122  9:50  Probe (Chrono Boost)  
  122  9:51  Pylon  
  122  9:52  Probe (Chrono Boost), Zealot  
  124  9:54  Pylon  
  124  9:56  Twilight Council  
  124  9:57  Pylon  
  124  10:00  Probe (Chrono Boost)  
  124  10:03  Pylon  
  124  10:06  Zealot  
  124  10:29  Zealot x3  
  124  10:30  Zealot x2  
  134  10:41  Zealot  
  134  10:45  Dark Shrine  
  127  10:53  Zealot x4  
  127  10:54  Zealot  
  127  10:56  Probe (Chrono Boost)  
  136  10:57  Probe x2 (Chrono Boost)  
  134  11:06  Probe (Chrono Boost)  
  134  11:07  Zealot  
  134  11:09  Probe (Chrono Boost)  
  136  11:18  Stalker x2  
  136  11:19  Stalker x2  
  136  11:23  Zealot  
  68  11:48  Zealot  
  68  11:49  Zealot x5  
  70  12:17  Dark Templar x4  
  70  12:19  Stalker x2  
  61  12:39  Observer  
  49  12:44  Dark Templar x2  
  47  12:51  Zealot  
  49  13:08  Sentry x2  
Show
View Real Time Build Order
Export as new Build Order

Worming Zerg - Winner!

Build Orders: Hatch First, Lurkers 

Get SALT Encoding   

  12  0:01  Drone  
  13  0:14  Overlord  
  13  0:18  Drone  
  14  0:32  Drone x2  
  16  0:36  Drone  
  17  0:56  Drone  
  18  0:58  Hatchery  
  17  1:04  Drone  
  18  1:14  Spawning Pool  
  18  1:16  Drone  
  18  1:24  Drone  
  19  1:35  Extractor  
  19  1:37  Drone  
  19  1:43  Drone  
  20  1:59  Overlord  
  20  2:01  Queen  
  22  2:10  Queen  
  22  2:11  Zergling x4  
  26  2:16  Drone  
  27  2:29  Drone x2  
  29  2:40  Hatchery  
  28  2:45  Drone x4  
  32  2:52  Metabolic Boost  
  32  2:56  Overlord  
  32  2:58  Drone  
  33  3:05  Drone  
  34  3:13  Drone x2  
  36  3:22  Drone x7  
  42  3:35  Overlord  
  42  3:37  Overlord  
  42  3:48  Lair  
  42  3:50  Evolution Chamber  
  42  3:53  Extractor  
  42  3:54  Roach Warren  
  42  3:55  Drone, Extractor  
  38  3:56  Drone x2  
  38  3:57  Drone  
  38  4:01  Zergling x6  
  42  4:25  Drone x5  
  42  4:26  Drone  
  42  4:28  Queen, Zerg Missile Weapons Level 1  
  50  4:35  Zergling x2  
  50  4:36  Zergling x4  
  53  4:46  Pneumatized Carapace  
  53  4:56  Overlord, Glial Reconstitution  
  53  4:57  Roach x5  
  53  4:58  Roach  
  65  5:02  Extractor  
  63  5:27  Hydralisk Den  
  63  5:28  Drone x2  
  63  5:29  Drone, Roach  
  63  5:31  Overlord x5  
  64  5:55  Roach x2  
  64  5:56  Roach x10  
  87  6:05  Overseer  
  86  6:13  Hydralisk x2  
  86  6:14  Hydralisk x2  
  86  6:15  Zergling x6  
  97  6:31  Zergling x2  
  97  6:32  Zergling x8  
  102  6:36  Zerg Missile Weapons Level 2  
  102  6:39  Muscular Augments  
  102  6:42  Drone x3  
  102  6:44  Overlord x2, Extractor  
  102  7:07  Overlord x3  
  102  7:13  Infestation Pit  
  86  7:32  Hydralisk  
  86  7:33  Zergling x4, Hydralisk x2  
  86  7:34  Zergling x16  
  99  7:40  Zergling x8  
  103  7:47  Roach x2  
  107  7:54  Drone  
  107  7:56  Drone  
  97  8:22  Drone  
  97  8:24  Drone, Extractor  
  97  8:25  Drone x2  
  102  8:35  Hive  
  102  8:36  Lurker Den  
  102  8:37  Hydralisk x2  
  102  8:38  Zergling x16  
  112  8:47  Roach x3  
  118  8:50  Ravager  
  118  8:52  Ravager  
  118  8:53  Ravager, Hatchery  
  116  9:21  Overseer  
  116  9:33  Spine Crawler  
  113  9:51  Hydralisk x3  
  113  9:52  Roach x4, Hydralisk x4  
  130  9:53  Roach x3  
  140  10:08  Drone x5, Extractor  
  140  10:09  Drone x2  
  140  10:13  Queen x2  
  144  10:41  Lurker x2  
  144  10:42  Lurker x2  
  147  10:44  Hydralisk x2  
  147  10:46  Zergling x2  
  147  10:47  Overlord x3  
  147  10:48  Overlord  
  147  11:23  Roach x6  
  147  11:24  Roach x8  
  141  11:42  Burrow  
  120  12:08  Roach  
  120  12:09  Zergling x16, Roach x8  
  120  12:10  Zergling x2  
  145  12:15  Spawning Pool  
  145  12:20  Spawning Pool  
  145  12:22  Hydralisk Den  
  135  12:40  Infestation Pit  
  117  12:45  Roach x6  
  117  12:46  Roach x6  
  108  13:10  Roach Warren  
  108  13:11  Hatchery, Extractor  
  104  13:14  Extractor  
  100  13:20  Overseer x3  
  100  13:27  Hydralisk x10  
  100  13:28  Hydralisk x5  
  126  13:41  Drone x6  
  126  13:42  Drone  
Tags
 
Composition
Lurkers
Matchup
PvZ
Replay Pack
replay pack
Add a new tag
Caveats
  • Supply blocks, unpowered buildings, or Contaminate may cause inaccurate times.
  • Supply counts are checked every 10 seconds.